 Dungeon Crawl Stone Soup version 0.28.0-1-gb440e238dd (webtiles) character file.

Game seed: 13766314074362360633

4 Snicker the Sneak (level 1, -11/18 HPs)
             Began as a Demonspawn Delver on Feb 22, 2022.
             Killed by divine providence
             ... invoked by an orc priest
              (15 damage)
             ... on level 5 of the Dungeon.
             The game lasted 00:00:52 (53 turns).

Snicker the Sneak (Demonspawn Delver)                 Turns: 53, Time: 00:00:54

Health: -11/18     AC:  3    Str: 12    XL:     1   Next: 50%
Magic:  1/1        EV: 12    Int: 11    God:
Gold:   0          SH:  0    Dex: 14    Spells: 0/0 levels left

rFire   . . .      SeeInvis .   a - +0 short sword
rCold   . . .      Faith    .   (no shield)
rNeg    . . .      Spirit   .   b - +0 leather armour
rPois   .          Reflect  .   (no helmet)
rElec   .          Harm     .   (no cloak)
rCorr   .          Rampage  .   (no gloves)
Will    .....                   (no boots)
Stlth   +++.......              (no amulet)
HPRegen 0.06/turn               (no ring)
MPRegen 0.07/turn               (no ring)

@: no status effects
A: no striking features
a: no special abilities


You were on level 5 of the Dungeon.
You visited 1 branch of the dungeon, and saw 3 of its levels.

Inventory:

Hand Weapons
 a - a +0 short sword (weapon)
Armour
 b - a +0 leather armour (worn)
Wands
 g - a wand of digging (3)
Scrolls
 c - a scroll of fog
 d - a scroll of magic mapping
Potions
 f - a potion of haste


   Skills:
 + Level 3.0 Fighting
 * Level 1.7 Short Blades
 + Level 2.0 Dodging
 * Level 4.6 Stealth


You couldn't memorise any spells.
You didn't know any spells.
Your spell library was empty.

Dungeon Overview and Level Annotations

Branches:
Dungeon (6/15)
 Temple: D:4-7

Altars:


Message History

You feel sick. The adder bites you. The adder closely misses you.
You closely miss the adder.
The adder is moderately wounded.
You feel sick. The adder misses you.
You closely miss the adder.
The adder is moderately wounded.
You feel sick. The adder bites you.
You barely miss the adder.
The adder is moderately wounded.
You feel sick.
You are no longer poisoned.
The adder bites you but does no damage. The adder bites you.
You are poisoned.
The adder poisons you!
As you read the scroll of fear, it crumbles to dust.
You assume a fearsome visage.
The adder looks frightened!
The endoplasm looks frightened!
You feel sick.
You feel sick.
You feel sick.
The endoplasm enters a dispersal trap!
The adder blinks!
You blink.
The endoplasm blinks!
You feel sick.
You are no longer poisoned.
There is a stone staircase leading down here.
You climb downwards.
Found a stone staircase leading down.
There is a stone staircase leading up here.
The helpless orc fails to defend itself.
You puncture the orc!
You kill the orc!
The helpless orc fails to defend itself.
You puncture the orc!
You kill the orc!
Your Dodging skill increases to level 2!
The helpless orc fails to defend itself.
You puncture the orc!
You kill the orc!
The orc priest mumbles some strange prayers to Beogh against you.
Beogh smites you!
Ouch! That really hurt!
You die...

. ...
...>.######
......)@<.#
.......)).#
...#...o..#
. #....###
##..## #.#
##


You could see an orc priest.

Vanquished Creatures
  3 orcs (D:5)
3 creatures vanquished.

Notes
Turn   | Place    | Note
-------+----------+-------------------------------------------
     0 | D:5      | Snicker the Demonspawn Delver began the quest for the Orb.
     0 | D:5      | Reached XP level 1. HP: 18/18 MP: 1/1
     7 | D:6      | Noticed a kobold brigand
    10 | D:5      | Noticed an iguana
    49 | D:5      | Noticed an orc priest
    53 | D:5      | Killed from afar by an orc priest

Illustrated notes

Levels and vault maps discovered:
D:4:      minmay_razor_zed, layout_basic, kennysheep_okawaru_gauntlet,
          hangedman_decor_riveting, minmay_close_crescents, uniq_eustachio
D:5:      layout_cave_pools, nicolae_hepliaklqana_hazy_memory,
          mainiacjoe_overflow_brackets, lemuel_tele_altar,
          mainiacjoe_overflow_cross_hatched, nicolae_ashenzari_panopticon,
          lemuel_mausoleum_altar_yredelemnul, amethyst_overflow_temple_binary,
          gammafunk_ghost_necromancy
D:6:      layout_loops_corners, zin_statuary, minmay_temple_entry_tees

Skill      XL: |  1 |
---------------+----+-----
Dodging        | 2 |  2.0
Fighting       | |  3.0
Short Blades   | |  1.7
Stealth        | |  4.6

Action                   || total
-------------------------++-------
Melee: Short sword       ||     8
  Use: Scroll            ||     1
 Stab: Sleeping          ||     3
Armor: Leather armour    ||     2
Dodge: Dodged            ||     2
